AoeStats
← El Fantasma de Pancho Villa

Arena

506441448Analyzed
4v4 RM · 20d ago on Sep 13, 2026· 27m 6s· 8 players
Game mode
Random Map
Map size
Large (8 player)
Population
200
Speed
Normal
Resources
Standard
Victory
Conquest
Starting age
Dark Age
Ending age
Imperial Age
RankedLock teamsTeams togetherTeam positionsShared explorationLock speedFull tech treeHidden civsTurbo modeCheats
Victory
Defeat
🇺🇸 Cumans · United States
1082
+13
🇫🇷 Hindustanis · France
966
+18
🇷🇴 Mongols · Romania
942
+19
🇹🇷 Georgians · Türkiye
936
+19
🇫🇷 Bengalis · France
1045
-19
🇵🇪 Hindustanis · Peru
1011
-17
🇫🇮 Bohemians · Finland
999
-17
🇦🇷 Chinese · Argentina
984
-16
Beaumains
10:21 Feudal Age
15:58 Castle Age
14:42 Scale Mail Armor
14:58 Loom
15:33 Double-Bit Axe
16:19 Horse Collar
18:01 Bow Saw
19:06 Stone Mining
21:35 Husbandry
21:45 Gold Mining
24:34 Gold Shaft Mining
25:21 Wheelbarrow
25:59 Town Watch
Jc
10:45 Feudal Age
15:35 Castle Age
15:29 Wheelbarrow
14:50 Double-Bit Axe
14:46 Horse Collar
16:10 Wheelbarrow
Rcu
10:08 Feudal Age
8:57 Loom
14:39 Castle Age
GUISO DE LENTEJAS
2:47 Loom
3:17 Loom
11:32 Feudal Age
12:22 Double-Bit Axe
13:35 Horse Collar
19:06 Castle Age
El Fantasma de Pancho Villa
15:00 Feudal Age
16:57 Man-at-Arms
17:46 Scale Mail Armor
26:03 Fletching
26:24 Forging
FTP kykyrez
10:05 Feudal Age
11:47 Loom
13:01 Double-Bit Axe
15:56 Castle Age
14:52 Horse Collar
16:45 Squires
19:15 Heavy Plow
20:57 Wheelbarrow
25:57 Thumb Ring
27:43 Hand Cart
squeezecheese21
2:36 Loom
9:07 Loom
10:54 Feudal Age
11:20 Horse Collar
11:29 Double-Bit Axe
12:26 Wheelbarrow
14:02 Wheelbarrow
15:25 Forging
15:08 Gold Mining
15:57 Scale Barding Armor
16:45 Bloodlines
21:05 Castle Age
19:34 Stone Mining
21:37 Light Cavalry
23:05 Iron Casting
24:02 Chain Barding Armor
23:51 Husbandry
25:24 Hand Cart
25:15 Loom
25:15 Town Watch
27:43 Bow Saw
27:36 Heavy Plow
Pépé
11:07 Feudal Age
12:54 Wheelbarrow
15:24 Castle Age
13:32 Loom
13:47 Double-Bit Axe
13:54 Horse Collar
17:48 Hand Cart
19:24 Bow Saw
20:29 Heavy Plow
24:05 Forging
24:01 Scale Barding Armor
25:43 Gold Mining
25:46 Stone Mining
29:54 Imperial Age
Connection lost

Rejoining the realm…

Still unreachable

The connection could not be restored.

Session expired

The server has moved on; the page needs a fresh start.